 Dungeon Crawl Stone Soup version 0.30.0-19-g36f170ea60 (webtiles) character file.

Game seed: 13008767373790853374

98 cdecastro the Cudgeller (level 4, -2/38 HPs)
             Began as an Armataur Warper on May 27, 2023.
             Slain by a gnoll
             ... wielding a +0 whip
              (4 damage)
             ... on level 3 of the Dungeon.
             The game lasted 00:04:45 (1821 turns).

cdecastro the Cudgeller (Armataur Warper)           Turns: 1821, Time: 00:04:45

Health: -2/38      AC:  5    Str: 18    XL:     4   Next: 43%
Magic:  6/6        EV:  9    Int: 13    God:
Gold:   43         SH:  0    Dex: 10    Spells: 6/6 levels left

rFire   . . .        a - +0 mace
rCold   . . .        (no shield)
rNeg    . . .        b - +0 leather armour
rPois   .            (no helmet)
rElec   .            o - scarf {repulsion}
rCorr   .            e - +0 pair of gloves
SInv    .            (no barding)
Will    .....        (no amulet)
Stlth   +            (no ring)
HPRegen 0.26/turn    (no ring)
MPRegen 0.10/turn

%: repel missiles, roll
@: no status effects
A: large, rugged brown scales 3, deformed body, armoured tail, roll, long
tongue, awkward tongue
a: no special abilities


You were on level 3 of the Dungeon.
You visited 1 branch of the dungeon, and saw 3 of its levels.

You collected 43 gold pieces.

Inventory:

Hand Weapons
 a - a +0 mace (weapon)
Missiles
 d - 7 boomerangs of dispersal (quivered)
 g - 5 poisoned darts
 q - 4 atropa-tipped darts
Armour
 b - a +0 leather armour (worn)
 e - a +0 pair of gloves (worn)
 k - a +0 ring mail
 o - a scarf of repulsion (worn)
Magical Staves
 j - a staff of cold
Scrolls
 c - a scroll of blinking
 h - 2 scrolls of identify {unknown}
 l - 3 scrolls of fear {unknown}
 m - a scroll of teleportation {unknown}
 r - a scroll of amnesia {unknown}
 s - 2 scrolls of enchant armour {unknown}
Potions
 f - a potion of degeneration {unknown}
 i - 4 potions of resistance {unknown}
 n - a potion of haste {unknown}
 p - a potion of heal wounds {unknown}


   Skills:
 - Level 1.7 Fighting
 + Level 4.3 Maces & Flails
 - Level 0.8 Throwing
 - Level 1.2 Armour
 - Level 1.3 Dodging
 - Level 1.7 Spellcasting
 - Level 3.0 Translocations


You had 6 spell levels left.
You didn't know any spells.
Your spell library contained the following spells:

 Spells                   Type           Power      Damage    Failure   Level
 Blink                    Tloc           16%        N/A       14%         2
 Lesser Beckoning         Tloc           16%        N/A       14%         2
 Teleport Other           Tloc           8%         N/A       26%         3
 Magic Dart               Conj           4%         1d3       30%         1
 Searing Ray              Conj           2%         2d4       43%         2
 Vhi's Electric Charge    Tloc/Air       10%        N/A       45%         3
 Manifold Assault         Tloc           8%         N/A       65%         4
 Fulminant Prism          Conj/Hex       0%         3d5       97%         4


Dungeon Overview and Level Annotations

Branches:
Dungeon (3/15)

Altars:
Trog
Xom
Yredelemnul


Innate Abilities, Weirdness & Mutations

You are completely covered in rugged brown scales. (AC +3, +7% HP)
Armour fits poorly on your strangely shaped body.
You have a long armoured tail.
You roll when moving toward enemies. (Rampage)
Your long tongue fully drains potion bottles. (2x potion effects)
Your tongue gives you trouble enunciating. (1.5x scroll delay)


Message History

You kill the giant cockroach!
You see here a giant cockroach corpse.
You see here a giant cockroach corpse.
A sourceless malevolence fills the Dungeon... and a teleportation trap spontaneously manifests!
You are yanked towards a nearby monster!
Your surroundings suddenly seem different.
A gnoll comes into view. It is wielding a +0 whip.
Found a scroll labelled KEZOSE XIUGUY.
A gnoll comes into view. It is wielding a +0 whip.
Found an escape hatch in the ceiling.
The gnoll shouts!
You hear a shout! 2 gnolls come into view.
The gnoll shouts! x2
You roll towards the gnoll!
You barely miss the gnoll. The gnoll barely misses you.
You hit the gnoll.
The gnoll is moderately wounded.
The gnoll hits you with a +0 whip.
You hit the gnoll.
The gnoll is heavily wounded.
The gnoll closely misses you. The gnoll barely misses you.
The gnoll hits you but does no damage.
You hit the gnoll but do no damage. The gnoll hits you with a +0 whip.
The gnoll completely misses you. The gnoll hits you with a +0 whip.
The gnoll hits you with a +0 whip!
The gnoll hits you from afar with a +0 spear.
The gnoll hits you with a +0 club.
* * * LOW HITPOINT WARNING * * *
The gnoll hits you with a +0 whip.
* * * LOW HITPOINT WARNING * * *
The gnoll attacks as you move away! The gnoll hits you with a +0 whip.
* * * LOW HITPOINT WARNING * * *
The gnoll barely misses you.
The gnoll hits you from afar with a +0 spear.
* * * LOW HITPOINT WARNING * * *
Found 10 gold pieces.
The gnoll attacks as you move away! The gnoll hits you with a +0 whip!
* * * LOW HITPOINT WARNING * * *
The gnoll hits you with a +0 whip.
You die...

..... .....#####.....
#.......$#.....
#........#....
#........#.... ..
.........# ..# ...
.........###.#####.##
......<@gg##..?......
........g.g......#
.#...####........#
#.. #........# #.
#........# #
.......##### .......#
.........# ..........


You could see 4 gnolls.

Vanquished Creatures
  An adder (D:2)
  A gnoll (D:1)
  2 worms
  2 dart slugs (D:1)
  8 ball pythons
  4 endoplasms
  4 giant cockroaches
  4 goblins
  7 hobgoblins
  6 jackals
  6 kobolds
  3 quokkas (D:2)
  5 bats
  2 frilled lizards
  7 rats
62 creatures vanquished.

Notes
Turn   | Place    | Note
-------+----------+-------------------------------------------
     0 | D:1      | cdecastro the Armataur Warper began the quest for the Orb.
     0 | D:1      | Reached XP level 1. HP: 18/18 MP: 3/3
    74 | D:1      | Reached skill level 2 in Maces & Flails
    99 | D:1      | Reached XP level 2. HP: 9/25 MP: 4/4
   346 | D:1      | Reached skill level 3 in Maces & Flails
   346 | D:1      | Reached XP level 3. HP: 26/31 MP: 5/5
  1378 | D:2      | Reached skill level 4 in Maces & Flails
  1378 | D:2      | Reached XP level 4. HP: 35/38 MP: 6/6
  1753 | D:3      | Found a shimmering altar of Xom.
  1755 | D:3      | Found a basalt altar of Yredelemnul.
  1770 | D:3      | Found a bloodstained altar of Trog.
  1821 | D:3      | Slain by a gnoll

Illustrated notes

Levels and vault maps discovered:
D:1:      shiori_arrival_elements, layout_loops_ring,
          nicolae_figureground_sparkle
D:2:      layout_rooms, serial_glass, glass_columns_b, glass_columns_c,
          glass_columns_a, glass_columns_b, glass_columns_a, glass_columns_c,
          glass_columns_a, glass_columns_a, minmay_3d_cube
D:3:      layout_basic, nzn_hepliaklqana_mist_gate,
          gammafunk_temple_overflow_forgotten

Skill      XL: |  1  2  3 |
---------------+----------+-----
Maces & Flails | 2 3 4 |  4.3
Fighting       | |  1.7
Throwing       | |  0.8
Armour         | |  1.2
Dodging        | |  1.3
Spellcasting   | |  1.7
Translocations | |  3.0

Action                     |  1- 3 |  4- 6 || total
---------------------------+-------+-------++-------
  Melee: Mace              |   151 |    58 ||   209
         Tailslap          |    13 |     2 ||    15
         Punch             |     1 |     1 ||     2
 Armour: Leather armour    |    80 |    23 ||   103
         Ring mail         |     6 |       ||     6
  Dodge: Dodged            |    80 |    29 ||   109
